 Dungeon Crawl Stone Soup version 0.22.1-2-g9c5b331 (webtiles) character file.

95 Harpaggios the Sneak (level 4, -2/23 HPs)
             Began as a Vine Stalker Enchanter on Dec 31, 2018.
             Killed by divine providence
             ... invoked by an orc priest
              (7 damage)
             ... on level 2 of the Dungeon.
             The game lasted 00:13:28 (2563 turns).

Harpaggios the Sneak (Vine Stalker Enchanter)       Turns: 2563, Time: 00:13:29

Health: -2/23      AC:  2    Str: 10    XL:     4   Next: 66%
Magic:  0/9        EV: 12    Int: 15    God:
Gold:   94         SH:  0    Dex: 16    Spells: 6/9 levels left

rFire    . . .     SeeInvis .   a - +1 dagger
rCold    . . .     Gourm    .   (no shield)
rNeg     . . .     Faith    .   b - +0 robe
rPois    .         Spirit   +   (no helmet)
rElec    .         Reflect  .   (no cloak)
rCorr    .         Harm     .   (no gloves)
MR       .....                  (no boots)
Stlth    +++.......             (no amulet)
HPRegen  0.47/turn              (no ring)
MPRegen  0.11/turn              (no ring)

@: no status effects
A: fangs 2, regeneration 1, magic shield, antimagic bite, no potion heal 3, rot
immunity
a: no special abilities


You were on level 2 of the Dungeon.
You were hungry.

You visited 1 branch of the dungeon, and saw 2 of its levels.

You collected 94 gold pieces.

Inventory:

Hand Weapons
 a - a +1 dagger (weapon)
Armour
 b - a +0 robe (worn)
Jewellery
 n - an uncursed ring of protection from magic {unknown}
Scrolls
 c - a scroll of identify {unknown}
 k - a scroll of enchant armour {unknown}
 l - a scroll of amnesia {unknown}
 m - a scroll of fog {unknown}
 o - a scroll of magic mapping {unknown}
Potions
 e - a potion of heal wounds {unknown}
 f - 2 potions of flight {unknown}
 h - a potion of agility {unknown}
 i - a potion of degeneration {unknown}
 j - a potion of curing {unknown}
Comestibles
 d - 3 rations
 g - 3 chunks of flesh


   Skills:
 * Level 1.9 Fighting
 + Level 1.6 Short Blades
 - Level 1.5 Dodging
 + Level 4.1 Stealth
 * Level 3.2 Spellcasting
 - Level 3.2 Hexes


You had 6 spell levels left.
You knew the following spells:

 Your Spells              Type           Power        Failure   Level  Hunger
a - Corona                Hex            ##.....      5%          1    #......
b - Ensorcelled Hibernat  Hex/Ice        #.....       16%         2    ##.....

Your spell library contained the following spells:

 Spells                   Type           Power        Failure   Level  Hunger
 Confuse                  Hex            ##......     16%         3    ###....
 Tukima's Dance           Hex            ##......     16%         3    ###....
 Dazzling Spray           Conj/Hex       #.....       30%         3    ###....


Dungeon Overview and Level Annotations

Branches:
Dungeon (2/15)

Altars:


Innate Abilities, Weirdness & Mutations

You have extremely sharp teeth.
Your natural rate of healing is unusually fast.
When hurt, damage is shared between your health and your magic reserves.
Your bite disrupts and absorbs the magic of your enemies.
Potions cannot restore your health.
You are immune to rotting.


Message History

Your bite misses the orc priest.
The orc priest is moderately wounded.
The orc priest looks braver for a moment.
You hit the orc priest but do no damage.
Your bite misses the orc priest.
The orc priest is moderately wounded.
The orc priest hits you with a whip.
You barely miss the orc priest.
You bite the orc priest, but do no damage.
The orc priest is moderately wounded.
The orc priest barely misses you.
The orc priest calls down the wrath of Beogh upon you.
Beogh smites you!
Some of the chunks of flesh in your inventory have rotted away.
The orc priest mumbles some strange prayers to Beogh against you.
Beogh smites you!
* * * LOW HITPOINT WARNING * * *
The orc priest invokes the aid of Beogh against you.
Beogh smites you!
You die...

.<...# #....# #......#
.)...#####....# #......#
#.##.....#....# #......#
..##.###.#....# #......#
...#..##......### #####......##
.#....####......#####o.........).
.......####..##...##..#.........<
..........)....##...o....#.######
........####....@....###...#
...............#####.###..##
.....................##...#
........###..........#...##
..........##.#..###....#.#
...<...##)##..#...##...#.# ##
...............#.........# ##.
......###.####.#..#......## ##..
......###...##.##.........####...


You could see an orc warrior and an orc priest.

Vanquished Creatures
  2 adders (D:2)
  2 worms (D:2)
  3 dart slugs
  A leopard gecko (D:1)
  3 orcs
  4 giant cockroaches
  2 goblins (D:1)
  16 hobgoblins
  A jackal (D:1)
  9 kobolds
  6 bats
  5 frilled lizards
  3 rats (D:1)
57 creatures vanquished.

Vanquished Creatures (others)
  2 jackals (D:1)
  A bat (D:1)
3 creatures vanquished.

Grand Total: 60 creatures vanquished

Notes
Turn   | Place    | Note
-------+----------+-------------------------------------------
     0 | D:1      | Harpaggios the Vine Stalker Enchanter began the quest for
                  | the Orb.
     0 | D:1      | Reached XP level 1. HP: 9/9 MP: 4/4
    52 | D:1      | Reached skill level 1 in Short Blades
   119 | D:1      | Reached XP level 2. HP: 13/14 MP: 4/6
   649 | D:1      | Reached skill level 1 in Fighting
   776 | D:1      | Reached XP level 3. HP: 15/18 MP: 8/8
  1995 | D:2      | Reached skill level 4 in Stealth
  1995 | D:2      | Gained mutation: Your natural rate of healing is unusually
                  | fast. [Vine Stalker growth]
  1995 | D:2      | Reached XP level 4. HP: 12/22 MP: 5/9
  2093 | D:2      | Learned a level 2 spell: Ensorcelled Hibernation
  2301 | D:2      | Noticed an orc warrior
  2563 | D:2      | Killed from afar by an orc priest

Skill      XL: |  1  2  3 |
---------------+----------+-----
Short Blades   | 1 |  1.6
Fighting       | 1 |  1.9
Stealth        | 4 |  4.1
Spellcasting   | 3 |  3.2
Dodging        | |  1.5
Hexes          | |  3.2

Action                   |  1- 3 |  4- 6 || total
-------------------------+-------+-------++-------
Melee: Dagger            |   163 |    89 ||   252
       Bite              |    29 |    23 ||    52
 Cast: Corona            |     5 |     6 ||    11
 Stab: Sleeping          |     4 |     1 ||     5
       Distracted        |     1 |       ||     1
  Eat: Chunk             |     3 |     2 ||     5
Armor: Robe              |    41 |    12 ||    53
Dodge: Dodged            |   112 |    51 ||   163
